 Dungeon Crawl Stone Soup version 0.21.1-1-g345015f (webtiles) character file.

132 inc the Caller (level 4, 18/18 HPs)
             Began as a Felid Wizard on Feb 22, 2018.
             Quit the game on level 7 of the Dungeon.
             The game lasted 00:08:53 (3087 turns).

inc the Caller (Felid Wizard)                       Turns: 3087, Time: 00:08:53

Health: 18/18      AC:  1    Str:  3    XL:     4   Next: 92%
Magic:  9/9        EV: 17    Int: 21    God:
Gold:   51         SH:  0    Dex: 14    Spells: 6/9 levels left
                                        Lives:  0   Deaths: 1

rFire    . . .     SeeInvis +     - Unarmed
rCold    . . .     Gourm    .   (shield unavailable)
rNeg     . . .     Faith    .   (armour unavailable)
rPois    .         Spirit   .   (helmet unavailable)
rElec    .         Reflect  .   (cloak unavailable)
rCorr    .         Harm     .   (gloves unavailable)
MR       .....                  (boots unavailable)
Stlth    +++.......             (no amulet)
HPRegen  0.06/turn              (no ring)
MPRegen  0.11/turn              (no ring)

@: quick
A: very small, no armour, no weapons or thrown items, stealth, claws 1, fangs 3,
see invisible, carnivore, speed 1, shaggy fur 1, slow metabolism 1, sharp paws
a: no special abilities


You were on level 7 of the Dungeon.
You were not hungry.

You visited 1 branch of the dungeon, and saw 7 of its levels.

You collected 51 gold pieces.

Inventory:

Wands
 h - a wand of clouds (8)
Scrolls
 c - a scroll of remove curse {unknown}
 d - a scroll of amnesia {unknown}
 e - a scroll of identify {unknown}
Potions
 f - 3 potions of curing {unknown}
Books
 a - a book of Minor Magic

   Spells                             Type                      Level
   a - Magic Dart                     Conjuration                  1
   b - Blink                          Translocation                2
   c - Call Imp                       Summoning                    2
   d - Slow                           Hexes                        2
   e - Conjure Flame                  Conjuration/Fire             3
   f - Mephitic Cloud                 Conjuration/Poison/Air       3
Comestibles
 b - a ration


   Skills:
 - Level 2.6 Dodging
 - Level 2.6 Stealth
 - Level 3.0 Unarmed Combat
 - Level 3.0 Spellcasting
 - Level 0.8 Conjurations
 + Level 5.0 Summonings
   Level 1.5 Translocations


You had 6 spell levels left.
You knew the following spells:

 Your Spells              Type           Power        Failure   Level  Hunger
a - Magic Dart            Conj           #...         10%         1    None
b - Call Imp              Summ           ###.....     2%          2    ##.....


Dungeon Overview and Level Annotations

Branches:
Dungeon (7/15)
 Temple: D:4-7

Altars:
Hepliaklqana
Zin

Annotations:
D:3 Frank's ghost, amateur OpFi
D:5 Quirk's ghost, novice GnFi


Innate Abilities, Weirdness & Mutations

You cannot wear armour.
You are incapable of wielding weapons or throwing items.
Your paws allow you to move quietly. (Stealth)
You have sharp claws.
You have razor-sharp teeth.
You have supernaturally acute eyesight. (SInv)
You are carnivorous and can eat meat at any time.
You cover ground quickly.
You are covered in fur. (AC +1)
You have a slow metabolism.
Your sharp claws are effective at attacking unaware monsters.


Message History

The killer bee stings your crimson imp.
Your crimson imp dies!
Your crimson imp hits the ice beast but does no damage.
The ice beast hits you.
Your memorisation is interrupted.
The ice beast freezes you!
Ouch! That really hurt!
* * * LOW HITPOINT WARNING * * *
Your crimson imp hits the ice beast but does no damage.
You scratch the killer bee but do no damage.
The killer bee is lightly wounded.
The killer bee stings you.
* * * LOW HITPOINT WARNING * * *
You are lethally poisoned!
The killer bee poisons you! The killer bee stings you!
You die...
The ice beast barely misses you.
You are now level 4!
You rejoin the land of the living...
Found a stone staircase leading up.
Are you sure you want to abandon this character and quit the game? (Confirm with "yes".)

...#
#..#
#..#
#..#
###..##
.....
#..#
#.@#
#..#
#..#
...#
<...#
######


There were no monsters in sight!

Vanquished Creatures
  A hound (D:4)
  A worker ant zombie (D:3)
  3 adders
  A shadow imp (D:4)
  An orc (D:4)
  A ball python (D:5)
  A bat (D:1)
  A giant cockroach (D:1)
  A goblin (D:2)
  3 hobgoblins
  5 jackals
  A quokka (D:2)
  2 frilled lizards (D:2)
  2 kobolds
  A rat (D:1)
25 creatures vanquished.

Vanquished Creatures (collateral kills)
  An ogre (D:6)
  A bullfrog (D:6)
  A scorpion (D:7)
  An iguana (D:6)
  2 adders
  A worm (D:5)
  A dart slug (D:4)
  2 jackals (D:4)
10 creatures vanquished.

Grand Total: 35 creatures vanquished

Notes
Turn   | Place    | Note
-------+----------+-------------------------------------------
     0 | D:1      | inc the Felid Wizard began the quest for the Orb.
     0 | D:1      | Reached XP level 1. HP: 7/7 MP: 5/5
    66 | D:1      | Reached skill level 1 in Unarmed Combat
   625 | D:2      | Reached XP level 2. HP: 11/11 MP: 2/7
   683 | D:2      | Found a glowing silver altar of Zin.
   688 | D:2      | Noticed an angel
   891 | D:4      | Reached XP level 3. HP: 14/14 MP: 5/8
   909 | D:4      | Learned a level 2 spell: Call Imp
  1092 | D:3      | Noticed Frank's ghost (amateur OpFi)
  1260 | D:4      | Reached skill level 2 in Summonings
  1260 | D:4      | Reached XP level 4. HP: 18/18 MP: 9/9
  1282 | D:4      | Noticed a slave
  1984 | D:5      | Entered Level 5 of the Dungeon
  2030 | D:5      | Noticed Quirk's ghost (novice GnFi)
  2241 | D:6      | Reached skill level 3 in Summonings
  2543 | D:6      | Found a hazy altar of Hepliaklqana.
  2543 | D:6      | Noticed an ogre
  2558 | D:6      | Killed an ogre
  2558 | D:6      | Reached XP level 5. HP: 21/21 MP: 1/10
  2601 | D:6      | Reached skill level 4 in Summonings
  3030 | D:7      | Noticed an ice beast
  3042 | D:7      | Reached skill level 5 in Summonings
  3086 | D:7      | Slain by a killer bee
  3087 | D:7      | Reached XP level 4. HP: -5/18 MP: 1/9
  3087 | D:7      | Quit the game

Skill      XL: |  1  2  3  4  5 |
---------------+----------------+-----
Unarmed Combat | 1 2 3 |  3.0
Summonings     | 2 3 5 |  5.0
Dodging        | |  2.6
Stealth        | |  2.6
Spellcasting   | |  3.0
Conjurations   | |  0.8
Translocations | |  1.5

Action                   |  1- 3 |  4- 6 || total
-------------------------+-------+-------++-------
Melee: Unarmed           |    31 |    34 ||    65
       Bite              |     3 |     3 ||     6
       Punch             |     1 |       ||     1
 Cast: Magic Dart        |    31 |    39 ||    70
       Call Imp          |     6 |    24 ||    30
  Use: Potion            |       |     1 ||     1
 Stab: Sleeping          |     3 |     2 ||     5
  Eat: Chunk             |     1 |     9 ||    10
       Ration            |       |     1 ||     1
Armor: Skin              |       |     2 ||     2
Dodge: Dodged            |    43 |    69 ||   112
